Map: Distretto abbandonato

Players

gndnls - Winner!

  • Race: Terran Terran
  • Spawn Location: 9:00

Jhyrachy - Winner!

  • Race: Terran Terran
  • League: Silver
  • Spawn Location: 3:00

youreproblem - Winner!

  • Race: Protoss Protoss
  • Spawn Location: 12:00

BEN - Winner!

  • Race: Protoss Protoss
  • Spawn Location: 12:00

Icc

  • Race: Terran Terran
  • Spawn Location: 6:00

Umega

  • Race: Terran Terran
  • League: Bronze
  • Spawn Location: 3:00

egor

  • Race: Terran Terran
  • Spawn Location: 6:00

Rey

  • Race: Protoss Protoss
  • League: Bronze
  • Spawn Location: 7:00

VOD

Have the link to the VOD?

Description

Time

  • Played on: Dec. 22, 2015, 3:16 p.m.
  • Length: 20:01
Show
View Real Time Build Order
Export as new Build Order

gndnls Terran - Winner!

Build Orders: Mech 

Get SALT Encoding   

  12  0:01  SCV  
  13  0:14  SCV  
  14  0:19  Supply Depot  
  14  0:26  SCV  
  15  0:41  SCV  
  15  0:42  Barracks  
  16  0:50  Refinery  
  16  0:53  SCV  
  17  1:05  SCV  
  18  1:17  SCV  
  19  1:29  Marine  
  19  1:31  Orbital Command  
  20  1:41  Command Center  
  20  1:47  Marine  
  21  1:57  SCV  
  22  2:02  Engineering Bay  
  22  2:10  SCV  
  23  2:15  Bunker  
  23  2:23  Supply Depot  
  23  2:27  Supply Depot  
  23  2:34  Missile Turret  
  23  2:45  Marine, SCV  
  25  2:53  Orbital Command  
  25  2:57  SCV  
  25  2:58  Factory  
  26  3:06  Refinery, Marine  
  26  3:09  SCV  
  28  3:15  Orbital Command  
  28  3:23  SCV  
  28  3:24  Marine  
  30  3:35  SCV  
  30  3:38  Refinery  
  30  3:40  Missile Turret  
  31  3:42  Marine  
  31  3:43  Factory Tech Lab  
  31  3:45  Starport  
  31  3:47  SCV  
  33  3:59  SCV  
  33  4:00  Marine  
  35  4:04  Siege Tank  
  38  4:11  SCV  
  39  4:18  Marine  
  39  4:22  SCV  
  39  4:23  SCV  
  42  4:28  Medivac  
  44  4:34  SCV  
  44  4:36  Marine, SCV  
  47  4:43  Supply Depot  
  47  4:46  SCV, Supply Depot  
  47  4:48  Widow Mine, SCV  
  51  4:53  Marine  
  51  4:58  SCV  
  53  5:00  SCV  
  53  5:05  Supply Depot  
  53  5:06  Refinery  
  54  5:10  SCV  
  54  5:11  Marine  
  54  5:12  SCV  
  57  5:17  Siege Tank  
  60  5:22  SCV  
  60  5:24  SCV  
  62  5:29  Supply Depot  
  62  5:31  Viking  
  62  5:34  SCV  
  65  5:36  SCV  
  66  5:44  Liberator  
  66  5:46  SCV  
  66  5:48  SCV  
  68  6:01  Siege Tank  
  68  6:03  Marine  
  75  6:06  SCV x2  
  77  6:13  Factory  
  77  6:14  Factory  
  77  6:15  Terran Infantry Weapons Level 1  
  77  6:19  Armory, Barracks  
  77  6:20  Marine  
  77  6:23  Supply Depot  
  78  6:38  Marine  
  78  6:39  Liberator  
  79  6:56  Marine  
  79  6:58  Command Center  
  79  6:59  Factory Reactor, Factory Tech Lab  
  79  7:01  Barracks  
  83  7:03  SCV  
  84  7:14  Marine  
  84  7:15  SCV  
  86  7:32  Marine  
  87  7:37  Thor  
  93  7:46  Widow Mine  
  93  7:47  Widow Mine, Thor  
  93  7:49  Marine  
  93  7:51  Supply Depot  
  104  7:52  Supply Depot  
  104  7:54  Supply Depot  
  104  7:57  Supply Depot  
  104  8:10  Orbital Command  
  104  8:13  Missile Turret  
  104  8:15  Widow Mine  
  104  8:17  Barracks Reactor  
  104  8:18  Barracks Reactor  
  106  8:20  Siege Tank  
  109  8:28  Barracks Tech Lab  
  109  8:29  Thor  
  109  8:31  Supply Depot x2  
  109  8:32  Terran Vehicle Weapons Level 1  
  115  8:35  Terran Infantry Armor Level 1  
  115  8:36  Supply Depot  
  115  8:54  Viking  
  117  9:01  Refinery  
  117  9:02  Refinery  
  117  9:26  Missile Turret  
  117  9:29  Missile Turret, Viking  
  109  10:01  Starport Reactor  
  109  10:02  Marine x5  
  109  10:04  Stimpack  
  109  10:05  Thor  
  109  10:06  Thor  
  126  10:07  Widow Mine x2  
  130  10:19  Marine  
  130  10:20  Marine x4  
  135  10:22  Supply Depot x2  
  135  10:23  Supply Depot  
  135  10:25  Supply Depot  
  135  10:26  Terran Ship Weapons Level 1  
  135  10:27  Supply Depot  
  135  10:33  SCV x2  
  135  10:34  SCV  
  138  10:35  Widow Mine  
  138  10:37  Widow Mine  
  142  10:45  SCV  
  142  10:46  SCV x2  
  142  10:47  Missile Turret  
  142  10:49  Missile Turret  
  145  10:52  Missile Turret  
  145  10:54  Missile Turret  
  145  10:58  SCV  
  145  11:03  Thor  
  152  11:04  Widow Mine  
  152  11:05  Widow Mine, Cyclone  
  152  11:06  Marine  
  152  11:07  Marine x4  
  164  11:20  Command Center  
  164  11:21  Command Center  
  164  11:22  Command Center  
  164  11:35  Marine x2  
  164  11:36  Marine  
  164  11:37  Cyclone  
  170  11:46  Thor  
  166  12:08  Thor  
  166  12:11  Viking  
  166  12:12  Viking  
  167  12:29  Siege Tank  
  162  12:41  Viking  
  162  12:42  Viking  
  166  12:52  Siege Tank  
  169  13:07  Terran Infantry Weapons Level 2  
  169  13:09  Terran Vehicle Weapons Level 2, Command Center  
  169  13:11  Viking  
  171  13:13  Missile Turret  
  171  13:14  Missile Turret x2  
  171  13:17  Marine x4  
  171  13:18  Marine  
  176  13:26  Orbital Command x2  
  176  13:35  Marine x4  
  180  13:42  Engineering Bay  
  180  13:55  Siege Tank, Thor  
  181  14:22  Missile Turret  
  181  14:24  Orbital Command, Missile Turret, Liberator  
  181  14:25  Missile Turret  
  181  14:27  Cyclone  
  184  14:36  Marine  
  184  14:37  Marine x4  
  189  14:39  Thor  
  189  14:42  Viking  
  189  14:44  Missile Turret  
  200  14:48  Missile Turret  
  200  14:49  Refinery  
  200  14:56  Armory  
  200  15:24  Terran Ship Weapons Level 2  
  160  16:11  Armory  
  160  16:25  Missile Turret  
  160  16:30  Viking  
  160  16:31  Viking  
  164  16:34  Siege Tank, Thor  
  164  16:36  Marine x2  
  164  16:37  Terran Infantry Armor Level 2, Terran Infantry Weapons Level 3  
  175  16:45  Missile Turret  
  173  17:00  Viking x2  
  174  17:05  Missile Turret  
  164  17:25  Missile Turret  
  160  17:30  Viking x2  
  153  17:48  Missile Turret  
  144  18:00  Medivac x2  
  148  18:11  Siege Tank  
  148  18:12  Siege Tank  
  154  18:15  Marine x3  
  154  18:16  Marine  
  158  18:22  Orbital Command  
  158  18:30  Medivac x2  
  162  18:44  Siege Tank x2  
  160  19:16  Siege Tank, Thor  
Show
View Real Time Build Order
Export as new Build Order

Jhyrachy Terran - Winner!

Build Orders: Liberator Opening 

Get SALT Encoding   

  12  0:02  SCV  
  13  0:14  SCV  
  14  0:26  SCV  
  14  0:27  Supply Depot  
  15  0:49  SCV  
  16  0:56  Barracks  
  16  1:01  SCV  
  17  1:04  Refinery  
  17  1:13  SCV  
  18  1:25  SCV  
  19  1:28  Refinery  
  19  1:37  SCV  
  20  1:44  Supply Depot  
  20  1:49  SCV  
  21  2:01  SCV  
  21  2:07  Factory  
  22  2:14  SCV  
  23  2:26  SCV  
  23  2:28  Command Center  
  24  2:48  Orbital Command  
  24  2:53  Factory Reactor  
  24  2:59  Starport  
  23  3:30  Hellion  
  25  3:48  Liberator x2  
  31  4:15  Orbital Command  
  31  4:30  Supply Depot  
  31  4:31  Liberator  
  31  4:45  Liberator  
  31  4:51  SCV  
  35  4:54  SCV  
  35  4:57  Supply Depot  
  36  5:03  SCV  
  36  5:06  SCV  
  41  5:15  SCV  
  41  5:19  SCV  
  41  5:21  Supply Depot  
  43  5:22  Refinery  
  43  5:27  SCV  
  44  5:31  SCV  
  45  5:39  SCV  
  45  5:40  Refinery  
  46  5:43  SCV  
  46  5:46  Liberator x2, Supply Depot  
  47  5:51  SCV  
  47  5:55  SCV  
  49  6:03  SCV  
  56  6:07  SCV  
  57  6:14  Supply Depot  
  57  6:16  SCV  
  52  6:19  SCV  
  53  6:28  SCV  
  54  6:36  Supply Depot  
  54  6:38  Barracks  
  54  6:41  Barracks  
  54  6:43  Barracks  
  54  7:31  Barracks Reactor  
  54  7:32  Barracks Reactor x2  
  45  8:39  Marine x4  
  45  8:40  Marine x2  
  48  8:51  Engineering Bay  
  48  8:54  Engineering Bay  
  48  8:57  Marine x3  
  48  8:58  Supply Depot  
  51  9:14  Marine, Barracks  
  51  9:15  Marine x5  
  51  9:16  Barracks  
  57  9:20  Supply Depot  
  57  9:21  Terran Infantry Weapons Level 1  
  57  9:22  Terran Infantry Armor Level 1  
  57  9:32  Marine  
  57  9:33  Marine x5  
  63  9:40  Command Center  
  63  9:43  Supply Depot  
  63  9:49  Factory Tech Lab  
  63  9:50  Marine  
  63  9:51  Marine x5  
  69  10:05  Supply Depot  
  69  10:08  Marine x2  
  69  10:09  Marine x4  
  75  10:15  Barracks Reactor  
  75  10:23  Barracks  
  75  10:24  Combat Shields  
  75  10:26  Marine x6  
  81  10:29  Supply Depot  
  81  10:42  Armory, Factory Tech Lab  
  81  10:44  Marine x6  
  87  10:53  Supply Depot  
  87  11:07  Marine x2  
  87  11:08  Marine x6  
  87  11:09  Marine  
  96  11:16  Supply Depot  
  96  11:17  Marine x2  
  98  11:25  Marine x4  
  98  11:26  Marine x5  
  107  11:35  Marine x2  
  109  11:40  Supply Depot  
  109  11:43  Marine x5  
  109  11:44  Marine x4, Stimpack  
  118  11:53  Marine x2  
  120  12:01  Marine x6  
  121  12:02  Marine x3, Supply Depot  
  129  12:10  Marine  
  129  12:11  Marine  
  122  12:20  Marine  
  123  12:25  Supply Depot  
  98  12:34  Marine x7  
  98  12:35  Marine x3  
  104  12:38  Marine  
  105  12:52  Marine x10  
  105  12:55  Marine  
  116  13:09  Marine  
  116  13:10  Marine x9  
  126  13:13  Marine  
  127  13:27  Marine  
  127  13:28  Marine x9  
  127  13:29  Terran Infantry Armor Level 2, Terran Infantry Weapons Level 2  
  127  13:31  Marine  
  138  13:45  Concussive Shells, Marine  
  138  13:46  Marine x9  
  148  13:49  Marine  
  148  14:03  Marine x4  
  148  14:04  Marine x6  
  148  14:07  Marine  
  159  14:19  Medivac  
  159  14:21  Marine x2  
  163  14:24  Orbital Command  
  163  14:49  Medivac  
  165  15:19  Medivac  
  167  15:48  Terran Infantry Weapons Level 3  
  167  16:09  Medivac x2  
  171  16:25  Supply Depot  
  171  16:30  Refinery  
  171  16:34  Refinery  
  171  16:39  Medivac x2  
  175  16:47  Supply Depot  
  175  16:49  Marine  
  175  16:50  Marine x8  
  184  17:01  Barracks Reactor  
  184  17:07  Marine  
  184  17:08  Marine x8  
  190  17:09  Medivac x2  
  190  17:10  Supply Depot  
  197  17:25  Marine  
  197  17:26  Marine x2  
  200  17:33  Supply Depot  
  200  17:57  Supply Depot  
Show
View Real Time Build Order
Export as new Build Order

youreproblem Protoss - Winner!

Build Orders:  

Get SALT Encoding   

  12  0:04  Probe (Chrono Boost)  
  13  0:19  Probe (Chrono Boost)  
  14  0:30  Probe (Chrono Boost)  
  15  0:44  Pylon  
  15  0:53  Pylon  
  15  0:59  Assimilator  
  15  1:02  Probe (Chrono Boost)  
  16  1:12  Forge  
  16  1:13  Probe (Chrono Boost)  
  17  1:24  Probe (Chrono Boost)  
  18  1:30  Assimilator  
  18  1:34  Probe (Chrono Boost)  
  19  1:45  Probe (Chrono Boost)  
  20  1:55  Probe (Chrono Boost)  
  20  2:00  Gateway  
  21  2:04  Gateway  
  21  2:06  Probe (Chrono Boost)  
  22  2:12  Photon Cannon  
  22  2:17  Photon Cannon  
  22  2:39  Photon Cannon  
  22  2:52  Zealot x2  
  26  2:59  Cybernetics Core  
  26  3:05  Pylon  
  26  3:08  Pylon  
  26  3:13  Pylon  
  26  3:49  Photon Cannon  
  26  3:54  Protoss Ground Weapons Level 1 (Chrono Boost), Warp Gate (Chrono Boost)  
  26  3:55  Photon Cannon  
  26  4:02  Stalker  
  28  4:07  Stalker  
  30  4:36  Nexus  
  30  4:48  Sentry (Chrono Boost)  
  30  4:49  Zealot (Chrono Boost)  
  34  5:17  Zealot (Chrono Boost)  
  34  5:19  Zealot (Chrono Boost)  
  38  5:28  Protoss Ground Armor Level 1  
  38  5:47  Probe  
  39  5:58  Probe  
  39  6:03  Stalker  
  42  6:08  Probe  
  42  6:09  Pylon  
  43  6:14  Pylon  
  43  6:18  Pylon  
  43  6:19  Probe  
  43  6:25  Robotics Facility x2  
  44  6:29  Probe  
  44  6:32  Pylon  
  45  6:53  Zealot x2  
  49  7:07  Probe, Pylon  
  49  7:09  Protoss Shields Level 1  
  49  7:12  Mothership Core  
  52  7:18  Probe  
  53  7:23  Robotics Bay  
  53  7:27  Warp Prism x2  
  53  7:28  Probe  
  57  7:33  Gateway  
  58  7:39  Probe  
  59  7:49  Probe  
  60  7:55  Stargate  
  60  8:00  Assimilator  
  60  8:02  Assimilator  
  60  8:03  Probe  
  61  8:14  Probe  
  62  8:25  Probe  
  63  8:35  Probe  
  64  8:42  Colossus (Chrono Boost)  
  64  8:46  Probe  
  64  8:48  Colossus (Chrono Boost)  
  77  9:23  Void Ray (Chrono Boost)  
  81  9:24  Fleet Beacon  
  81  9:57  Nexus  
  81  10:02  Void Ray (Chrono Boost)  
  85  10:30  Colossus (Chrono Boost)  
  97  10:36  Colossus (Chrono Boost)  
  97  10:39  Void Ray  
  101  11:05  Twilight Council  
  107  11:32  Warp Prism (Chrono Boost)  
  109  11:37  Disruptor (Chrono Boost)  
  112  11:44  Protoss Ground Weapons Level 2 (Chrono Boost)  
  112  12:05  Disruptor  
  115  12:23  Carrier  
  119  12:47  Pylon  
  119  12:50  Probe  
  119  12:51  Pylon  
  119  12:53  Pylon  
  120  12:59  Pylon  
  120  13:01  Probe  
  121  13:11  Probe  
  121  13:16  Disruptor x2 (Chrono Boost)  
  128  13:22  Probe  
  129  13:48  Carrier  
  129  13:49  Colossus (Chrono Boost)  
  147  13:55  Probe  
  147  13:57  Colossus (Chrono Boost)  
  148  14:06  Probe  
  148  14:07  Assimilator  
  149  14:12  Assimilator  
  149  14:17  Probe  
  150  14:27  Probe  
  151  14:36  Blink  
  151  14:38  Probe  
  151  14:40  Observer Gravitic Boosters  
  152  14:53  Protoss Air Weapons Level 1 (Chrono Boost)  
  152  15:11  Anion Pulse-Crystals  
  152  15:30  Gravitic Drive  
  152  16:24  Charge  
  140  17:51  Resonating Glaives  
Show
View Real Time Build Order
Export as new Build Order

BEN Protoss - Winner!

Build Orders: Double Forge 

Get SALT Encoding   

  12  0:26  Pylon  
  12  0:41  Assimilator  
  12  0:45  Assimilator  
  12  0:51  Gateway  
  12  0:52  Gateway  
  12  0:56  Probe (Chrono Boost)  
  13  1:07  Probe (Chrono Boost)  
  14  1:24  Pylon  
  14  1:27  Probe (Chrono Boost)  
  15  1:38  Probe (Chrono Boost)  
  16  1:41  Zealot  
  16  1:42  Zealot  
  20  1:48  Probe (Chrono Boost)  
  21  1:59  Probe (Chrono Boost)  
  22  2:09  Probe (Chrono Boost)  
  23  2:20  Probe (Chrono Boost)  
  24  2:23  Zealot x2, Pylon  
  28  2:45  Forge  
  28  2:50  Cybernetics Core  
  28  3:04  Forge  
  28  3:15  Zealot x2  
  32  3:36  Warp Gate  
  32  3:40  Protoss Ground Weapons Level 1  
  32  3:41  Protoss Ground Armor Level 1  
  32  3:52  Gateway  
  32  4:23  Nexus  
  32  4:37  Probe (Chrono Boost)  
  33  4:48  Probe (Chrono Boost)  
  34  4:57  Twilight Council  
  34  4:58  Probe (Chrono Boost)  
  35  5:09  Probe (Chrono Boost)  
  36  5:19  Probe (Chrono Boost)  
  37  5:30  Probe (Chrono Boost)  
  38  5:35  Protoss Ground Weapons Level 2 (Chrono Boost)  
  38  5:37  Protoss Ground Armor Level 2 (Chrono Boost)  
  38  5:41  Probe (Chrono Boost)  
  39  5:51  Probe (Chrono Boost)  
  39  5:56  Gateway  
  40  6:01  Gateway  
  40  6:13  Gateway  
  40  6:16  Gateway  
  40  6:41  Robotics Facility  
  40  6:42  Blink  
  40  7:03  Forge  
  40  7:27  Pylon  
  41  7:30  Pylon, Observer (Chrono Boost)  
  41  7:38  Protoss Shields Level 1 (Chrono Boost)  
  41  7:51  Protoss Ground Weapons Level 3, Warp Prism (Chrono Boost)  
  43  7:53  Protoss Ground Armor Level 3  
  43  7:56  Stalker  
  43  7:57  Stalker x4  
  53  8:11  Pylon  
  53  8:14  Pylon  
  53  8:16  Pylon  
  53  8:22  Probe  
  54  8:33  Assimilator, Probe  
  54  8:37  Assimilator  
  55  8:43  Probe  
  55  8:46  Probe  
  57  8:52  Stalker x4  
  65  8:59  Probe  
  66  9:03  Probe  
  67  9:11  Probe  
  67  9:13  Probe  
  69  9:23  Probe  
  70  9:24  Probe  
  70  9:29  Pylon  
  71  9:31  Protoss Shields Level 2  
  71  9:32  Pylon  
  71  9:34  Pylon  
  71  9:35  Probe  
  72  9:52  Stalker x2  
  72  9:53  Stalker x3  
  82  10:19  Stalker x2  
  82  10:20  Stalker x3  
  92  10:48  Stalker x5  
  92  10:49  Stalker  
  104  11:14  Stalker x2  
  104  11:15  Stalker x3  
  114  11:42  Pylon  
  114  11:45  Pylon  
  114  11:52  Pylon  
  96  12:43  Stalker x2  
  96  12:44  Stalker x4  
  102  12:45  Stalker  
  110  12:53  Protoss Shields Level 3  
  110  13:07  Stalker  
  110  13:08  Stalker x6  
  124  14:45  Stalker x6  
  134  14:46  Stalker  
  138  15:23  Pylon  
  138  15:25  Pylon  
  138  15:27  Pylon  
  138  15:28  Pylon  
  138  15:30  Pylon  
  138  15:41  Stalker  
  138  15:42  Stalker x5  
  150  15:43  Stalker  
  96  17:48  Stalker x4  
  96  17:49  Stalker x3  
  110  18:12  Stalker x5  
  118  18:13  Stalker x2  
  122  18:53  Stalker x4  
  122  18:54  Stalker x3  
  136  19:36  Stalker x3  
Show
View Real Time Build Order
Export as new Build Order

Icc Terran 

Build Orders: Reaper Expand 

Get SALT Encoding   

  12  0:01  SCV  
  13  0:13  SCV  
  14  0:25  SCV  
  14  0:26  Supply Depot  
  15  0:37  Refinery  
  15  0:48  SCV  
  15  0:49  Barracks  
  16  1:00  Refinery, SCV  
  17  1:12  SCV  
  17  1:16  Engineering Bay  
  18  1:24  SCV  
  19  1:39  Reaper  
  20  2:18  Supply Depot  
  20  2:27  Factory  
  20  2:33  Command Center  
  20  2:35  SCV  
  21  2:52  Marine  
  22  3:00  Orbital Command  
  22  3:32  Factory Tech Lab  
  21  3:47  Starport  
  21  3:59  Siege Tank  
  24  4:12  SCV  
  24  4:14  Missile Turret  
  25  4:19  Planetary Fortress  
  25  4:22  Marine  
  25  4:23  Refinery  
  26  4:25  Starport Reactor  
  26  4:38  Armory  
  26  4:39  Siege Tank  
  29  4:47  Marine  
  29  4:52  SCV  
  31  4:58  SCV  
  32  5:04  SCV  
  33  5:10  SCV  
  33  5:13  Liberator  
  34  5:23  Refinery  
  37  5:36  Terran Vehicle And Ship Armor Level 1  
  37  5:42  Armory  
  37  5:54  Supply Depot  
  37  6:04  Widow Mine  
  37  6:06  Marine  
  37  6:11  SCV  
  41  6:13  SCV  
  42  6:23  SCV  
  42  6:25  Missile Turret  
  43  6:27  SCV  
  44  6:50  Supply Depot  
  44  6:51  Liberator  
  44  6:53  SCV  
  45  7:00  Siege Tank  
  48  7:05  SCV  
  48  7:06  Marine  
  53  7:15  Missile Turret  
  53  7:32  Supply Depot  
  53  7:36  Barracks Tech Lab  
  53  7:46  SCV  
  54  7:58  SCV  
  59  8:13  Liberator, SCV  
  60  8:25  SCV  
  61  8:34  Terran Vehicle And Ship Armor Level 2  
  60  8:36  Terran Vehicle Weapons Level 1  
  60  8:38  SCV  
  60  8:39  SCV  
  62  8:46  Barracks  
  62  8:50  SCV  
  62  8:51  SCV  
  62  8:52  Terran Infantry Weapons Level 1, Factory  
  64  9:02  SCV  
  65  9:03  SCV  
  66  9:22  Command Center  
  66  9:37  Missile Turret  
  66  9:51  Barracks Reactor  
  66  9:57  Factory Tech Lab  
  66  9:58  Missile Turret  
  66  10:00  Siege Tank  
  69  10:14  Fusion Core  
  69  10:33  Bunker  
  69  10:40  Liberator x2  
  75  11:07  Missile Turret  
  75  11:10  Planetary Fortress  
  75  11:21  Siege Tank x2  
  81  11:25  Marine x2  
  81  11:26  Sensor Tower, Marine  
  81  11:27  Refinery  
  84  11:43  Marine  
  85  11:53  Supply Depot  
  85  11:54  Supply Depot  
  85  11:57  Refinery  
  85  12:10  Marine x2  
  76  12:17  Supply Depot  
  76  12:22  Liberator x2  
  65  12:41  Siege Tank x2  
  65  12:43  Marauder, Marine x2  
  81  12:47  Terran Infantry Weapons Level 2  
  81  12:49  Terran Vehicle And Ship Armor Level 3  
  81  12:50  Terran Vehicle Weapons Level 2  
  81  13:01  Marine x2  
  81  13:04  Marine  
  84  13:22  Bunker  
  84  13:38  Marauder, Marine x2  
  88  13:55  Marine x2  
  88  13:59  Marauder  
  90  14:15  Supply Depot  
  90  14:24  Bunker  
  90  14:26  Marauder, Marine x2  
  94  14:44  Marine x2  
  96  14:48  Marauder  
  98  15:02  Marine x2  
  100  15:07  Starport  
  100  15:39  Liberator x2  
  100  15:40  Marauder, Marine x2  
  104  15:53  Siege Tank  
  104  15:54  Siege Tank  
  116  15:58  Marine  
  117  16:14  Supply Depot, Terran Infantry Weapons Level 3  
  117  16:15  Supply Depot  
  117  16:16  Terran Vehicle Weapons Level 3  
  117  16:17  Terran Ship Weapons Level 1  
  117  16:22  Marine  
  117  16:23  Marauder, Marine  
  108  16:38  Supply Depot  
  103  16:40  Marine  
  103  16:41  Marine  
  103  16:44  Marauder  
  80  16:58  Marine  
  46  17:06  Marauder  
  44  17:21  Liberator x2  
  44  17:27  Marine  
  45  17:32  Marine x2  
  45  17:36  Starport Tech Lab  
  53  17:45  Marauder  
  53  17:50  Marine x2  
  57  18:03  Liberator  
  57  18:06  Marauder  
  57  18:08  Marine x2  
  59  18:26  Marine x2  
  62  18:28  Marauder  
  64  18:43  Marine x2  
  66  18:49  Marauder  
  66  18:54  Liberator x2  
  62  19:01  Marine x2  
  47  19:10  Marine  
  44  19:28  Marauder  
Show
View Real Time Build Order
Export as new Build Order

Umega Terran 

Build Orders:  

Get SALT Encoding   

  12  0:24  Supply Depot  
  12  0:39  Supply Depot  
  12  0:50  Barracks  
  12  1:10  Refinery  
  12  1:13  SCV  
  14  1:25  SCV  
  14  1:37  SCV  
  15  1:46  Refinery  
  15  1:49  SCV  
  16  2:02  SCV  
  17  2:14  SCV  
  18  2:24  Factory  
  18  2:26  SCV  
  19  2:32  Barracks Tech Lab  
  19  2:38  SCV  
  20  2:50  SCV  
  21  3:02  SCV  
  22  3:09  Factory Tech Lab  
  22  3:14  SCV  
  23  3:20  Starport  
  23  3:37  Siege Tank  
  26  3:56  Starport  
  26  4:12  Factory  
  26  4:15  SCV  
  26  4:16  Engineering Bay  
  27  4:21  Starport Reactor  
  27  4:28  SCV  
  27  4:29  Siege Tank  
  31  4:46  Supply Depot  
  31  4:49  Starport Tech Lab  
  31  5:05  Command Center  
  31  5:08  SCV, Supply Depot  
  31  5:13  Viking x3  
  38  5:20  Factory Tech Lab  
  38  5:30  Supply Depot  
  38  5:36  Missile Turret x2  
  38  5:42  Siege Tank  
  41  5:47  Viking  
  43  6:18  Armory  
  43  6:27  Missile Turret  
  43  6:33  Viking x2  
  47  6:41  Refinery  
  47  6:42  SCV  
  48  6:47  Missile Turret  
  48  6:54  SCV  
  48  6:58  Viking  
  51  7:06  SCV  
  52  7:08  Missile Turret  
  52  7:18  SCV  
  53  7:29  Fusion Core  
  53  7:50  SCV  
  54  8:02  SCV  
  55  8:07  Bunker  
  55  8:14  SCV  
  56  8:25  Viking x3  
  56  8:26  SCV  
  63  8:38  Bunker  
  63  8:39  SCV  
  64  8:55  Viking x2  
  68  8:57  Supply Depot  
  68  9:08  Barracks  
  68  9:13  Building Armor  
  68  9:19  Supply Depot  
  68  9:42  Supply Depot  
  68  9:56  Barracks  
  68  9:58  Thor  
  68  9:59  Thor  
  80  10:05  Supply Depot  
  80  10:07  Barracks Tech Lab  
  80  10:12  SCV  
  81  10:17  Refinery  
  81  10:24  SCV  
  82  10:36  SCV  
  83  10:49  SCV  
  84  10:53  Neosteel Frame  
  84  10:54  Barracks Reactor  
  84  10:59  Marine  
  84  11:01  SCV  
  86  11:17  Marine  
  86  11:18  Terran Ship Weapons Level 1  
  87  11:35  Marine  
  88  11:53  Marine  
  87  12:01  Siege Tank x2  
  93  12:11  Marine  
  93  12:49  Battlecruiser  
  99  12:54  SCV  
  102  13:05  Marauder  
  102  13:12  Terran Vehicle Weapons Level 1  
  102  13:51  Supply Depot  
  102  14:12  Marauder, Marine x2, SCV  
  102  14:13  Supply Depot  
  107  14:33  Marine  
  108  14:51  Marine  
  109  15:09  Marine  
Show
View Real Time Build Order
Export as new Build Order

egor Terran 

Build Orders:  

Get SALT Encoding   

  12  0:09  Refinery  
  12  0:21  Refinery  
  12  0:29  Supply Depot  
  12  0:53  Barracks  
  12  1:02  SCV  
  13  1:14  SCV  
  14  1:26  SCV  
  15  1:38  SCV  
  16  1:56  Bunker  
  16  2:04  Barracks Tech Lab  
  16  2:13  Barracks Reactor  
  16  2:20  SCV  
  17  2:32  SCV  
  18  2:47  Bunker  
  18  2:54  Bunker  
  18  3:01  Marine x2  
  20  3:19  Marine x2  
  22  3:26  Bunker  
  22  3:37  Marine  
  23  3:44  Barracks  
  23  4:09  Supply Depot  
  23  4:31  Marine x2  
  25  4:32  Supply Depot  
  25  4:49  Marine x2  
  27  5:00  Barracks Reactor  
  27  5:06  Marine x2  
  29  5:20  Supply Depot  
  29  5:24  Marine x2  
  31  5:42  Marine x2  
  33  5:56  Bunker  
  33  6:00  Marine  
  34  6:09  Marine  
  35  6:18  Marine  
  36  6:27  Marine  
  37  6:35  Marine  
  38  6:56  Supply Depot  
  38  7:17  Factory  
  38  7:23  Supply Depot  
  38  7:39  Reaper x2  
  41  7:44  Reaper x2  
  41  7:47  Supply Depot  
  42  8:11  Reaper x2  
  44  8:16  Reaper x2  
  46  8:43  Reaper x2  
  46  8:48  Reaper x2  
  50  9:05  Factory Reactor  
  50  9:07  Starport  
  50  9:15  Reaper x2  
  52  9:20  Reaper x2  
  54  9:56  Starport Reactor  
  54  10:19  Liberator x2  
  54  10:25  Hellion x2  
  64  10:46  Hellion x2  
  68  10:50  Bunker  
  68  11:07  Hellion  
  70  11:17  Armory  
  70  12:08  Terran Vehicle Weapons Level 1  
  70  12:15  Supply Depot  
  70  12:17  Supply Depot  
  70  12:19  Liberator x2  
  70  12:37  Hellion  
  78  12:54  Supply Depot  
  78  12:58  Supply Depot  
  78  13:11  Marine  
  78  13:12  Marine  
  80  13:16  Marine x2  
  82  13:21  Supply Depot  
  82  13:29  Marine x2, Supply Depot  
  82  13:34  Marine x2  
  86  13:47  Marine x2  
  88  13:52  Marine x2  
  90  14:02  Terran Vehicle And Ship Armor Level 1  
  90  14:05  Marine x2  
  90  14:09  Marine x2  
  94  14:22  Hellbat x2  
  98  14:44  Hellbat x2  
  102  14:52  Orbital Command  
  102  15:01  Marine x2  
  104  15:15  Supply Depot  
  104  15:17  Supply Depot  
  104  15:19  Marine x2  
  106  15:37  Marine x2  
  106  15:38  Supply Depot  
  108  15:49  Engineering Bay  
  108  15:54  Marine x2  
  108  15:57  Terran Ship Weapons Level 1  
  110  16:26  Terran Infantry Weapons Level 1  
  110  16:38  Missile Turret  
  110  16:59  Sensor Tower  
  42  17:44  Marine  
  42  17:45  Marine  
  42  17:48  Marine x2  
  46  18:02  Marine x2  
  48  18:05  Marine x2  
  48  18:08  Factory  
  46  18:20  Marine x2  
  46  18:23  Marine x2  
Show
View Real Time Build Order
Export as new Build Order

Rey Protoss 

Build Orders: Cannon Rush 

Get SALT Encoding   

  12  0:06  Probe (Chrono Boost)  
  13  0:21  Pylon  
  13  0:25  Probe (Chrono Boost)  
  15  0:35  Probe (Chrono Boost)  
  15  0:46  Probe (Chrono Boost)  
  16  0:56  Probe (Chrono Boost)  
  17  1:03  Forge  
  17  1:07  Gateway  
  17  1:12  Probe (Chrono Boost)  
  18  1:23  Probe (Chrono Boost)  
  19  1:33  Probe (Chrono Boost)  
  20  1:41  Photon Cannon  
  20  1:44  Probe (Chrono Boost)  
  21  1:48  Photon Cannon  
  21  1:52  Photon Cannon  
  21  1:54  Probe (Chrono Boost)  
  22  2:05  Pylon  
  22  2:13  Assimilator  
  22  2:16  Pylon  
  22  2:25  Photon Cannon  
  22  2:38  Probe (Chrono Boost), Pylon  
  23  2:48  Probe (Chrono Boost)  
  24  2:55  Assimilator  
  24  2:57  Photon Cannon  
  24  2:59  Probe (Chrono Boost)  
  24  3:01  Cybernetics Core  
  25  3:10  Probe (Chrono Boost)  
  26  3:21  Probe (Chrono Boost)  
  26  3:22  Photon Cannon  
  27  3:27  Photon Cannon  
  27  3:42  Pylon  
  27  3:56  Probe (Chrono Boost)  
  28  4:03  Stargate  
  28  4:07  Probe (Chrono Boost)  
  29  4:16  Nexus  
  29  4:18  Mothership Core (Chrono Boost)  
  29  4:22  Pylon  
  31  4:29  Pylon  
  31  4:36  Probe (Chrono Boost)  
  32  4:46  Probe (Chrono Boost)  
  32  4:47  Oracle (Chrono Boost)  
  36  4:58  Probe  
  36  4:59  Pylon  
  37  5:00  Stargate  
  37  5:03  Pylon  
  37  5:10  Probe, Pylon  
  38  5:16  Assimilator  
  38  5:21  Assimilator  
  43  5:57  Void Ray (Chrono Boost)  
  43  6:03  Void Ray (Chrono Boost)  
  43  6:11  Photon Cannon  
  43  6:18  Stargate, Probe  
  44  6:27  Pylon  
  44  6:29  Probe  
  45  6:39  Probe  
  45  6:41  Photon Cannon  
  46  6:48  Robotics Facility  
  46  6:50  Probe  
  47  7:00  Probe  
  40  7:32  Photon Cannon  
  40  7:33  Void Ray (Chrono Boost)  
  40  7:35  Probe  
  49  7:39  Void Ray (Chrono Boost)  
  49  7:40  Photon Cannon  
  49  7:45  Probe  
  49  7:46  Photon Cannon  
  50  7:56  Probe  
  51  8:06  Probe  
  56  8:17  Probe, Void Ray (Chrono Boost)  
  57  8:28  Probe  
  58  8:46  Observer  
  63  8:50  Void Ray (Chrono Boost)  
  63  8:53  Stargate x2  
  63  8:54  Probe  
  64  9:05  Probe  
  65  9:15  Probe  
  66  9:26  Probe  
  59  9:58  Protoss Air Weapons Level 1  
  59  10:04  Void Ray (Chrono Boost)  
  59  10:05  Cybernetics Core  
  71  10:10  Void Ray x2 (Chrono Boost)  
  79  10:31  Void Ray x2 (Chrono Boost)  
  79  10:32  Protoss Shields Level 1  
  79  10:41  Pylon  
  79  11:01  Void Ray (Chrono Boost)  
  82  11:22  Observer  
  83  11:37  Protoss Air Armor Level 1  
  83  11:51  Void Ray (Chrono Boost)  
  91  11:56  Void Ray (Chrono Boost)  
  63  12:59  Void Ray (Chrono Boost)  
  63  13:05  Void Ray x2 (Chrono Boost)  
  75  13:21  Observer  
  76  14:51  Void Ray (Chrono Boost)  
  96  14:57  Void Ray x2 (Chrono Boost)  
  96  14:58  Void Ray x2 (Chrono Boost)  
  100  15:29  Void Ray (Chrono Boost)  
Tags
 
Add a new tag
Caveats
  • Supply blocks, unpowered buildings, or Contaminate may cause inaccurate times.
  • Supply counts are checked every 10 seconds.